 Dungeon Crawl Stone Soup version 0.31-a0-214-gb37851dbb3 (webtiles) character file.

Game seed: 7835986790802936823

35478 qw the Marksgargoyle (level 13, -4/92 HPs)
             Began as a Gargoyle Hexslinger on July 1, 2023.
             Was a High Priest of Okawaru.
             Slain by a death yak (10 damage)
             ... on level 4 of the Lair of Beasts.
             The game lasted 00:05:55 (12830 turns).

qw the Marksgargoyle (Gargoyle Hexslinger)         Turns: 12830, Time: 00:05:55

Health: -4/92      AC: 27    Str: 10    XL:     13   Next: 84%
Magic:  15/20      EV: 23    Int: 15    God:    Okawaru [*****.]
Gold:   1777       SH:  0    Dex: 18    Spells: 13/14 levels left

rFire   . . .        Y - +1 longbow (drain)
rCold   + . .        (shield currently unavailable)
rNeg    + . .        l - +0 troll leather armour
rPois   inf          g - +2 helmet
rElec   +            s - +5 cloak of Norepuumi {Fly Str-2 SInv}
rCorr   .            (no gloves)
SInv    +            h - +1 pair of boots of the Bulwark {Rampage Dex+2 Stlth-}
Will    .....        k - amulet of faith
Stlth   ++           v - +5 ring of evasion
HPRegen 1.15/turn    b - ring of protection from cold
MPRegen 0.17/turn

%: rampage, faith
@: about to teleport, heroic, finesse-ful, flying
A: sickness immunity, AC +9, negative energy resistance 1, electricity
resistance, torment resistance 1, petrification resistance, robust 1, MP-powered
wands
a: Renounce Religion, Heroism, Finesse, Duel


You were on level 4 of the Lair of Beasts.
You worshipped Okawaru.
Okawaru was extremely pleased with you.
You visited 3 branches of the dungeon, and saw 15 of its levels.

You collected 2047 gold pieces.
You spent 270 gold pieces at shops.


Innate Abilities, Weirdness & Mutations

You are immune to sickness and miasma.
Your stone body is resilient. (AC +9)
You are immune to poison.
You resist negative energy. (rN+)
You are resistant to electric shocks. (rElec)
You are resistant to unholy torment.
You are immune to petrification.
You are robust. (+10% HP)
You expend magic power (3 MP) to strengthen your wands.


   Skills:
 - Level 11.1(16.1) Fighting
 + Level 17.1(22.1) Ranged Weapons
 - Level 5.0(10.0) Armour
 - Level 6.1(11.1) Dodging
 - Level 1.0 Spellcasting
 - Level 2.6 Hexes
 - Level 10.0 Invocations


You had 13 spell levels left.
You knew the following spells:

 Your Spells              Type           Power      Damage    Failure   Level
a - Slow                  Hex            32%        N/A       11%         1

Your spell library contained the following spells:

 Spells                   Type           Power      Damage    Failure   Level
 Inner Flame              Hex/Fire       4%         N/A       47%         3
 Portal Projectile        Hex/Tloc       8%         N/A       47%         3
 Cause Fear               Hex            4%         N/A       71%         4

Inventory:

Hand Weapons
 Y - a +1 longbow of draining (weapon)
Armour
 c - a +2 pair of boots of rampaging
 g - a +2 helmet (worn)
 h - the +1 pair of boots of the Bulwark (worn) {Rampage Dex+2 Stlth-}
   (You found it on level 6 of the Dungeon)

   Dex:       It affects your dexterity (+2).
   Rampage:   It bestows one free step when moving towards enemies.
   Stlth:     It makes you less stealthy.
 l - a +0 troll leather armour (worn)
 s - the +5 cloak of Norepuumi (worn) {Fly Str-2 SInv}
   (Okawaru gifted it to you on level 3 of the Lair of Beasts)

   Str:       It affects your strength (-2).
   SInv:      It lets you see invisible.
   Fly:       It grants you flight.
Jewellery
 b - a ring of protection from cold (right hand)
 e - a ring of fire
 j - a +6 ring of strength
 k - an amulet of faith (around neck)
 o - a ring of protection from fire
 v - a +5 ring of evasion (left hand)
Scrolls
 a - 4 scrolls of identify
 m - 2 scrolls of teleportation
Potions
 d - 4 potions of mutation
 f - a potion of cancellation
 i - a potion of resistance
 n - 2 potions of enlightenment
 q - 2 potions of curing
 r - a potion of haste

Dungeon Overview and Level Annotations

Branches:
Dungeon (10/15)            Temple (1/1) D:5            Lair (4/5) D:10
 Shoals (0/4) Lair:3        Snake (0/4) Lair:3          Orc (0/2) D:9
  Slime: Lair:4-5

Altars:
Ashenzari
Cheibriados
Dithmenos
Elyvilon
Fedhas
Gozag
Hepliaklqana
Kikubaaqudgha
Makhleb
Nemelex Xobeh
Okawaru
Qazlal
Ru
Sif Muna
Trog
Uskayaw
Vehumet
Wu Jian
Xom
Yredelemnul
Zin
The Shining One
Jiyva

Shops:
D:10 [(!

Annotations:
D:5 3 runed translucent doors, qw's ghost, amateur DEHu
D:8 3 runed translucent doors, qw's ghost, novice GrHs
Lair:1 3 runed translucent doors, qw's ghost, journeyman DEHu


Message History

The death yak misses you. The death yak closely misses you.
You shoot an arrow. The arrow hits the death yak!
You drain the death yak!
The death yak is moderately wounded.
You shoot an arrow.
The arrow completely misses the death yak.
You shoot an arrow. The arrow hits the death yak!
The death yak is heavily wounded.
The death yak gores you! The death yak gores you!!
12819 ||| READING 3 scrolls of teleportation.
As you read the scroll of teleportation, it crumbles to dust.
You feel strangely unstable.
The death yak gores you but does no damage. x2
You shoot an arrow. The arrow hits the death yak!!
You drain the death yak!
The death yak is almost dead.
You shoot an arrow. The arrow hits the death yak!
You kill the death yak!
Okawaru accepts your kill.
The death yak gores you but does no damage.
You shoot an arrow. The arrow hits the death yak!
The death yak is lightly wounded.
You shoot an arrow. The arrow hits the death yak!
The death yak is moderately wounded.
You shoot an arrow. The arrow hits the death yak!
The death yak is heavily wounded.
You shoot an arrow. The arrow hits the death yak!!
You drain the death yak.
The death yak is severely wounded.
The death yak gores you.
You shoot an arrow. The arrow barely misses the death yak.
You shoot an arrow. The arrow hits the death yak!
The death yak is severely wounded.
The death yak gores you but does no damage.
You shoot an arrow.
The arrow hits the death yak but does no damage.
You drain the death yak.
The death yak is severely wounded.
You shoot an arrow. The arrow hits the death yak!
The death yak is almost dead.
You shoot an arrow. The arrow barely misses the death yak.
The death yak gores you!
You die...

##.....#####.#.......
##.....# ###.......
#...#### #:......
#.%## .#.#.... ##..#
..#....## #...##
.#..#.P..### ##...#
#...( #...# #
#...#...... ..P#
#.#@%.....# ##
##.Y%.###.# ######


You could see a death yak (drained).

Vanquished Creatures
  Kirke (Lair:3)
  Josephine (Lair:3)
  Fannar (D:10)
  2 hydras
  Erolcha (D:10)
  A catoblepas (Lair:1)
  3 death yaks (Lair:4)
  2 oklob plants
  2 merfolk sirens (Lair:3)
  11 elephants (Lair:3)
  Joseph (D:8)
  A black mamba (Lair:1)
  4 cane toads
  A rime drake (Lair:3)
  An unseen horror (D:10)
  7 komodo dragons
  A kobold demonologist (D:9)
  A polar bear (Lair:3)
  A troll (D:9)
  Prince Ribbit (D:8)
  9 blink frogs
  3 hornets
  Sigmund (D:5)
  A vampire (D:10)
  5 wraiths (Lair:3)
  4 wyverns
  A human (Lair:3)
  47 yaks
  4 basilisks
  6 hogs (Lair:3)
  5 nagas (Lair:3)
  8 water moccasins
  6 orc warriors
  3 sky beasts
  4 black bears
  An ice beast (D:8)
  4 ogres
  14 wolves
  5 centaurs
  2 phantoms (D:5)
  A kobold brigand (D:9)
  A gnoll sergeant (D:10)
  3 scorpions
  14 bullfrogs
  7 wights
  2 howler monkeys
  7 electric eels
  3 orc priests
  3 hounds
  2 iguanas (D:7)
  4 orc wizards
  4 gnolls
  6 adders
  An ufetubus (D:5)
  A worm (D:3)
  3 dart slugs
  29 orcs
  8 endoplasms
  3 giant cockroaches
  9 goblins
  4 hobgoblins
  2 jackals (D:1)
  12 kobolds
  5 quokkas
  11 ball pythons
  9 bats
  2 frilled lizards
  4 rats
337 creatures vanquished.

Notes
Turn   | Place    | Note
-------+----------+-------------------------------------------
     0 | D:1      | qw the Gargoyle Hexslinger began the quest for the Orb.
     0 | D:1      | Reached XP level 1. HP: 12/12 MP: 2/2
     0 | D:1      | 0 ||| qw: Version: 0.3-a-32-g5962c71
     0 | D:1      | 0 ||| qw: Game counter: 7560
     0 | D:1      | 0 ||| qw: Melee chars always use a shield: true
     0 | D:1      | 0 ||| qw: God list: Okawaru
     0 | D:1      | 0 ||| qw: Allow faded altars: false
     0 | D:1      | 0 ||| qw: Do Orc after clearing Dungeon:15 true
     0 | D:1      | 0 ||| qw: Do second Lair branch before Depths: true
     0 | D:1      | 0 ||| qw: Lair rune preference: random
     0 | D:1      | 0 ||| qw: Goals: Normal
     0 | D:1      | 0 ||| PLANNING D:1-11
   111 | D:1      | Reached XP level 2. HP: 13/16 MP: 3/3
   114 | D:1      | 114 ||| FLEEEEING.
   115 | D:1      | 115 ||| FLEEEEING.
   383 | D:1      | Reached skill level 3 in Ranged Weapons
   509 | D:1      | Reached XP level 3. HP: 21/21 MP: 4/4
   871 | D:1      | 871 ||| UPGRADING to +0 leather armour.
   881 | D:1      | 881 ||| DROPPING +0 robe.
   882 | D:1      | 882 ||| UPGRADING to +0 helmet.
   887 | D:1      | 887 ||| READING scroll labelled XUXTIECUOWN.
   888 | D:1      | 888 ||| READING scroll labelled KOAQIU OLUOCH.
   893 | D:1      | 893 ||| DRINKING 2 viscous white potions.
   893 | D:1      | Gained mutation: You expend magic power (3 MP) to
                  | strengthen your wands. [potion of mutation]
   893 | D:1      | Gained mutation: You are robust. (+10% HP) [potion of
                  | mutation]
   902 | D:1      | 902 ||| DROPPING scroll of poison.
  1124 | D:2      | 1124 ||| READING 2 scrolls of identify.
  1124 | D:2      | 1124 ||| IDENTIFYING grey potion
  1125 | D:2      | 1125 ||| DROPPING potion of degeneration.
  1308 | D:2      | Found a shimmering blue altar of Sif Muna.
  1543 | D:2      | 1543 ||| DRINKING 2 bubbling emerald potions.
  1648 | D:2      | 1648 ||| READING 2 scrolls of identify.
  1648 | D:2      | 1648 ||| IDENTIFYING lumpy amethyst potion
  1649 | D:2      | 1649 ||| DROPPING potion of lignification.
  1650 | D:2      | 1650 ||| DROPPING potion of berserk rage.
  1707 | D:3      | Reached XP level 4. HP: 28/28 MP: 5/5
  1709 | D:3      | Found a faded altar of an unknown god.
  1789 | D:3      | Reached skill level 4 in Ranged Weapons
  1910 | D:3      | Found a stormy altar of Qazlal.
  1912 | D:3      | Noticed a water elemental
  1913 | D:3      | Noticed a fire elemental
  1913 | D:3      | Noticed an air elemental
  1913 | D:3      | Noticed an earth elemental
  2101 | D:3      | Reached XP level 5. HP: 26/33 MP: 6/6
  2529 | D:3      | 2529 ||| UPGRADING to +0 cloak.
  2534 | D:3      | 2534 ||| UPGRADING to +0 ring mail.
  2544 | D:3      | 2544 ||| DROPPING +0 leather armour.
  2545 | D:3      | 2545 ||| UPGRADING to ring of protection from fire.
  2546 | D:3      | 2546 ||| READING scroll labelled ZEURYE ZORARCHI.
  2547 | D:3      | 2547 ||| READING scroll labelled INLUUD FO JARGH.
  2547 | D:3      | Identified a scroll of acquirement
  2547 | D:3      | 2547 ||| ACQUIRING ring of protection from cold
  2547 | D:3      | Acquired a ring of protection from cold
  2549 | D:3      | 2549 ||| UPGRADING to ring of protection from cold.
  2608 | D:4      | Noticed a black bear
  2613 | D:4      | 2613 ||| STAIRDANCE
  2620 | D:3      | HP: 8/33 [black bear (1)]
  2621 | D:3      | 2621 ||| READING scroll of teleportation.
  2697 | D:3      | 2697 ||| FLEEEEING.
  2712 | D:3      | Killed a black bear
  2713 | D:3      | Reached skill level 3 in Armour
  2796 | D:4      | Noticed a +0 falchion
  2796 | D:4      | Noticed a +0 spear
  2797 | D:4      | Noticed a +0 falchion
  2797 | D:4      | Noticed a +0 dagger
  2800 | D:4      | Noticed a +0 short sword
  2800 | D:4      | Noticed a +0 dagger
  2800 | D:4      | Noticed a +0 spear
  2800 | D:4      | Noticed a +0 short sword
  2862 | D:4      | Reached XP level 6. HP: 34/38 MP: 7/7
  2867 | D:4      | Reached skill level 5 in Ranged Weapons
  2884 | D:4      | HP: 9/38 [something/magic dart (9)]
  3092 | D:4      | 3092 ||| SWAPPING to +0 longbow.
  3093 | D:4      | 3093 ||| DROPPING +1 sling.
  3145 | D:4      | Found a hide-covered altar of Uskayaw.
  3185 | D:4      | Reached skill level 3 in Fighting
  3392 | D:4      | 3392 ||| DROPPING +6 ring of intelligence.
  3393 | D:4      | 3393 ||| READING scroll labelled MIXKOU ORERANT.
  3425 | D:5      | Entered Level 5 of the Dungeon
  3459 | D:5      | Reached XP level 7. HP: 43/46 MP: 8/8
  3547 | D:5      | Reached skill level 6 in Ranged Weapons
  3745 | D:5      | Reached skill level 7 in Ranged Weapons
  3807 | D:5      | Found a staircase to the Ecumenical Temple.
  3808 | D:5      | 3808 ||| PLANNING TEMPLE
  3811 | D:5      | Noticed Sigmund
  3817 | D:5      | Killed Sigmund
  3817 | D:5      | HP: 10/48 [centaur/arrow (11)]
  3818 | D:5      | Reached XP level 8. HP: 10/52 MP: 9/9
  3820 | D:5      | Reached skill level 8 in Ranged Weapons
  4000 | D:5      | Found a runed translucent gate.
  4001 | D:5      | Found a runed translucent gate.
  4001 | D:5      | Noticed qw's ghost (amateur DEHu)
  4002 | D:5      | Found a runed translucent gate.
  4040 | D:5      | Identified the +5 ring mail of Laggecy {rF+}
  4089 | D:5      | Found a snail-covered altar of Cheibriados.
  4113 | D:5      | Found a basalt altar of Yredelemnul.
  4115 | D:5      | Noticed a profane servitor
  4124 | D:5      | Found a glowing golden altar of the Shining One.
  4457 | D:5      | Noticed an angel
  4651 | D:6      | Identified the +1 pair of boots of the Bulwark {Rampage
                  | Dex+2 Stlth-}
  4790 | D:6      | 4790 ||| UPGRADING to +1 pair of boots of the Bulwark
                  | {Rampage Dex+2 Stlth-}.
  4800 | D:6      | 4800 ||| STAIRDANCE
  4809 | Temple   | Entered the Ecumenical Temple
  4851 | Temple   | 4851 ||| PLANNING D:1-11
  5273 | D:6      | Found an opulent altar of Gozag.
  5459 | D:6      | Reached skill level 9 in Ranged Weapons
  5598 | D:6      | 5598 ||| READING scroll labelled TYCKALIM YCIMY.
  5650 | D:7      | Reached skill level 6 in Fighting
  5667 | D:7      | 5667 ||| READING scroll of enchant armour.
  5667 | D:7      | 5667 ||| ENCHANTING +0 helmet.
  5827 | D:7      | Noticed a hornet
  5832 | D:7      | Reached XP level 9. HP: 57/60 MP: 10/10
  5835 | D:7      | Killed a hornet
  5982 | D:7      | 5982 ||| Stepping ~*~*~tactically~*~*~ (outnumbered).
  5983 | D:7      | 5983 ||| Stepping ~*~*~tactically~*~*~ (outnumbered).
  6113 | D:7      | Reached skill level 10 in Ranged Weapons
  6162 | D:7      | Found a blossoming altar of Fedhas.
  6323 | D:7      | 6323 ||| READING scroll labelled BUAXILEUGO.
  6324 | D:7      | 6324 ||| READING scroll labelled QANIEKKALYD.
  6325 | D:7      | 6325 ||| READING 8 scrolls of identify.
  6325 | D:7      | 6325 ||| IDENTIFYING ruby potion
  6326 | D:7      | 6326 ||| DROPPING potion of ambrosia.
  6373 | D:8      | Noticed a hornet
  6381 | D:8      | Killed a hornet
  6609 | D:8      | Noticed Joseph
  6627 | D:8      | Killed Joseph
  6917 | D:8      | Noticed Prince Ribbit
  6931 | D:8      | Killed Prince Ribbit
  6932 | D:8      | Reached skill level 11 in Ranged Weapons
  7049 | D:8      | Found a runed translucent gate.
  7049 | D:8      | Found a runed translucent gate.
  7049 | D:8      | Found a runed translucent gate.
  7050 | D:8      | Found a viscous altar of Jiyva.
  7050 | D:8      | Noticed qw's ghost (novice GrHs)
  7068 | D:8      | Reached skill level 3 in Dodging
  7205 | D:8      | 7205 ||| UPGRADING to amulet of faith.
  7243 | D:9      | Noticed a troll
  7251 | D:9      | Killed a troll
  7252 | D:9      | Reached XP level 10. HP: 49/69 MP: 11/11
  7567 | D:9      | 7567 ||| Stepping ~*~*~tactically~*~*~ (outnumbered).
  7605 | D:9      | 7605 ||| FLEEEEING.
  7606 | D:9      | 7606 ||| FLEEEEING.
  7607 | D:9      | 7607 ||| FLEEEEING.
  7609 | D:9      | 7609 ||| FLEEEEING.
  7610 | D:9      | 7610 ||| FLEEEEING.
  7611 | D:9      | 7611 ||| FLEEEEING.
  7612 | D:9      | 7612 ||| STAIRDANCE
  7657 | D:8      | 7657 ||| UPGRADING to +0 troll leather armour.
  7667 | D:8      | 7667 ||| DROPPING +0 ring mail.
  7668 | D:8      | 7668 ||| READING 7 scrolls of identify.
  7668 | D:8      | 7668 ||| IDENTIFYING emerald potion
  7757 | D:9      | Reached skill level 12 in Ranged Weapons
  7768 | D:9      | 7768 ||| FLEEEEING.
  7788 | D:9      | Found a staircase to the Orcish Mines.
  8161 | D:9      | 8161 ||| READING scroll labelled IKKUSOIZEYL.
  8203 | D:10     | Entered Level 10 of the Dungeon
  8203 | D:10     | Noticed a kobold demonologist
  8214 | D:10     | 8214 ||| STAIRDANCE
  8215 | D:10     | Noticed a sixfirhy
  8219 | D:9      | Killed a kobold demonologist
  8269 | D:10     | Found Veemom's Weapon Emporium.
  8275 | D:10     | Found Ifouhe Demur's Armour Emporium.
  8299 | D:10     | Noticed Erolcha
  8306 | D:10     | Killed Erolcha
  8337 | D:10     | Reached skill level 13 in Ranged Weapons
  8338 | D:10     | Reached XP level 11. HP: 75/75 MP: 12/12
  8342 | D:10     | Found a staircase to the Lair.
  8482 | D:10     | Noticed Fannar
  8483 | D:10     | Reached skill level 9 in Fighting
  8497 | D:10     | Killed Fannar
  8541 | D:10     | 8541 ||| Stepping randomly (disturbance).
  8620 | D:10     | Reached skill level 14 in Ranged Weapons
  8673 | D:10     | Found an iron altar of Okawaru.
  8674 | D:10     | 8674 ||| PLANNING OKAWARU WORSHIP
  8677 | D:10     | 8677 ||| DROPPING ring of ice.
  8678 | D:10     | 8678 ||| READING scroll labelled OBETAM NIUGA.
  8679 | D:10     | 8679 ||| READING 6 scrolls of identify.
  8679 | D:10     | 8679 ||| IDENTIFYING lumpy green potion
  8680 | D:10     | 8680 ||| READING 5 scrolls of identify.
  8680 | D:10     | 8680 ||| IDENTIFYING green potion
  8681 | D:10     | 8681 ||| READING 4 scrolls of identify.
  8681 | D:10     | 8681 ||| IDENTIFYING pink potion
  8682 | D:10     | 8682 ||| DROPPING potion of attraction.
  8690 | D:10     | Became a worshipper of Warmaster Okawaru
  8691 | D:10     | 8691 ||| PLANNING D:1-11
  8791 | D:10     | Found Ucwiuc's Distillery.
  8796 | D:10     | 8796 ||| BUYING potion of mutation (120 gold).
  8796 | D:10     | Bought a potion of mutation for 120 gold pieces
  8796 | D:10     | 8796 ||| BUYING potion of resistance (150 gold).
  8796 | D:10     | Bought a potion of resistance for 150 gold pieces
  8824 | D:10     | Found a radiant altar of Vehumet.
  9028 | D:10     | 9028 ||| PLANNING LAIR
  9080 | Lair:1   | Entered Level 1 of the Lair of Beasts
  9097 | Lair:1   | Noticed an oklob plant
  9107 | Lair:1   | Killed an oklob plant
  9144 | Lair:1   | Reached * piety under Okawaru
  9184 | Lair:1   | 9184 ||| INVOKING Heroism.
  9192 | Lair:1   | Reached skill level 1 in Invocations
  9258 | Lair:1   | 9258 ||| INVOKING Heroism.
  9281 | Lair:1   | 9281 ||| INVOKING Heroism.
  9290 | Lair:1   | Reached ** piety under Okawaru
  9291 | Lair:1   | Reached skill level 3 in Invocations
  9380 | Lair:1   | 9380 ||| INVOKING Heroism.
  9460 | Lair:1   | 9460 ||| INVOKING Heroism.
  9514 | Lair:1   | 9514 ||| INVOKING Heroism.
  9517 | Lair:1   | Reached XP level 12. HP: 84/84 MP: 12/15
  9540 | Lair:1   | Found a runed translucent gate.
  9540 | Lair:1   | Found a runed translucent gate.
  9540 | Lair:1   | Found a runed translucent gate.
  9541 | Lair:1   | Noticed qw's ghost (journeyman DEHu)
  9551 | Lair:1   | Reached *** piety under Okawaru
  9762 | Lair:1   | 9762 ||| INVOKING Heroism.
  9782 | Lair:1   | Noticed a catoblepas
  9789 | Lair:1   | Killed a catoblepas
  9790 | Lair:1   | Reached skill level 15 in Ranged Weapons
  9833 | Lair:1   | 9833 ||| READING scroll of enchant armour.
  9833 | Lair:1   | 9833 ||| ENCHANTING +1 helmet.
 10019 | Lair:1   | 10019 ||| READING scroll labelled ZUSEDU USASUOH.
 10035 | Lair:1   | 10035 ||| READING 3 scrolls of identify.
 10035 | Lair:1   | 10035 ||| IDENTIFYING inky potion
 10230 | Lair:2   | Received a gift from Okawaru
 10401 | Lair:2   | Reached **** piety under Okawaru
 10455 | Lair:2   | Noticed a four-headed hydra
 10456 | Lair:2   | 10456 ||| INVOKING Heroism.
 10465 | Lair:2   | Killed a four-headed hydra
 10486 | Lair:2   | 10486 ||| DROPPING ring of protection from cold.
 10487 | Lair:2   | 10487 ||| DROPPING ring of magical power.
 10488 | Lair:2   | 10488 ||| UPGRADING to +5 ring of evasion.
 10490 | Lair:2   | 10490 ||| READING scroll labelled RENGUCV NOMUE.
 10491 | Lair:2   | 10491 ||| INVOKING Heroism.
 10492 | Lair:2   | 10492 ||| READING scroll labelled UBIT BOCROADUX.
 11007 | Lair:2   | 11007 ||| READING 5 scrolls of identify.
 11007 | Lair:2   | 11007 ||| IDENTIFYING red potion
 11061 | Lair:3   | Reached skill level 16 in Ranged Weapons
 11065 | Lair:3   | 11065 ||| INVOKING Heroism.
 11109 | Lair:3   | Reached skill level 6 in Invocations
 11119 | Lair:3   | 11119 ||| INVOKING Heroism.
 11129 | Lair:3   | HP: 20/85 [cane toad (10)]
 11130 | Lair:3   | 11130 ||| READING 2 scrolls of teleportation.
 11131 | Lair:3   | 11131 ||| DRINKING potion of heal wounds.
 11248 | Lair:3   | 11248 ||| INVOKING Heroism.
 11294 | Lair:3   | Reached ***** piety under Okawaru
 11358 | Lair:3   | 11358 ||| Stepping ~*~*~tactically~*~*~ (outnumbered).
 11359 | Lair:3   | 11359 ||| DROPPING ring of positive energy.
 11375 | Lair:3   | 11375 ||| INVOKING Heroism.
 11376 | Lair:3   | 11376 ||| Stepping ~*~*~tactically~*~*~ (water).
 11392 | Lair:3   | Noticed a seven-headed hydra
 11398 | Lair:3   | Killed a seven-headed hydra
 11399 | Lair:3   | Reached XP level 13. HP: 92/92 MP: 18/18
 11420 | Lair:3   | Noticed Kirke
 11421 | Lair:3   | 11421 ||| INVOKING Heroism.
 11422 | Lair:3   | 11422 ||| INVOKING Finesse.
 11423 | Lair:3   | 11423 ||| INVOKING Finesse.
 11444 | Lair:3   | Killed Kirke
 11539 | Lair:3   | Found a staircase to the Shoals.
 11581 | Lair:3   | Noticed Josephine
 11599 | Lair:3   | Killed Josephine
 11600 | Lair:3   | 11600 ||| FLEEEEING.
 11601 | Lair:3   | 11601 ||| FLEEEEING.
 11602 | Lair:3   | 11602 ||| FLEEEEING.
 11603 | Lair:3   | 11603 ||| FLEEEEING.
 11737 | Lair:3   | Reached skill level 9 in Invocations
 11763 | Lair:3   | 11763 ||| Stepping ~*~*~tactically~*~*~ (outnumbered).
 11784 | Lair:3   | 11784 ||| INVOKING Heroism.
 11786 | Lair:3   | Identified the +5 cloak of Norepuumi {Fly Str-2 SInv}
                  | (Okawaru gifted it to you on level 3 of the Lair of Beasts)
 11786 | Lair:3   | Received a gift from Okawaru
 11889 | Lair:3   | Found a staircase to the Snake Pit.
 11926 | Lair:3   | 11926 ||| INVOKING Heroism.
 12033 | Lair:3   | 12033 ||| INVOKING Heroism.
 12056 | Lair:3   | Reached skill level 17 in Ranged Weapons
 12329 | Lair:3   | 12329 ||| UPGRADING to +5 cloak of Norepuumi {Fly Str-2
                  | SInv}.
 12339 | Lair:3   | 12339 ||| DROPPING +0 cloak.
 12340 | Lair:3   | 12340 ||| READING scroll labelled JENKET CEITUO.
 12661 | Lair:4   | 12661 ||| READING scroll of acquirement.
 12661 | Lair:4   | 12661 ||| ACQUIRING 1063 gold pieces
 12661 | Lair:4   | Acquired 1063 gold pieces
 12790 | Lair:4   | 12790 ||| INVOKING Heroism.
 12791 | Lair:4   | 12791 ||| INVOKING Finesse.
 12812 | Lair:4   | Reached skill level 6 in Dodging
 12818 | Lair:4   | HP: 23/92 [death yak (13)]
 12818 | Lair:4   | HP: 5/92 [death yak (18)]
 12819 | Lair:4   | 12819 ||| READING 3 scrolls of teleportation.
 12825 | Lair:4   | HP: 4/92 [death yak (5)]
 12830 | Lair:4   | Slain by a death yak

Levels and vault maps discovered:
D:1:      wander_arrival_fairy_ring, layout_basic
D:2:      layout_loops_ring, basic_altar, serial_bayou_lagoon_b
D:3:      layout_loops_corners, nicolae_qazlal_style_of_elements,
          dreamdust_ecumenical_altar_grove, hangedman_decor_slide_cut,
          kennysheep_generic_room_13
D:4:      layout_rooms, nicolae_uskayaw_en_pointe, kennysheep_another_room
D:5:      layout_gridville, grunt_temple_overflow_holy_war,
          kennysheep_slug_shrine, minmay_temple_entry_from_below_b,
          biasface_ghost_orc_armoury, minivault_26, uniq_sigmund
D:6:      layout_basic, nicolae_gozag_cash_rules_everything_around_me
D:7:      layout_loops_ring, fedhas_altar_2, st_stairs_8
D:8:      layout_basic, gammafunk_ghost_ooze, uniq_prince_ribbit1, uniq_joseph
D:9:      layout_cave_pods, david_orc_5
D:10:     layout_irregular_city, kennysheep_mini, kennysheep_okawaru_gauntlet,
          due_lair_maze_entry_diamond, serial_column_ruins,
          column_ruins_corridor_dead_end, column_ruins_open_medium,
          column_ruins_columns_dead_end, column_ruins_open_tiny, serial_shops,
          shop, nicolae_shop_tiny_glass, shop, uniq_fannar, uniq_erolcha
Temple:   cyrus_circular_temple
Lair:1:   layout_chaotic_city, ebering_ghost_rock_garden, serial_bayou_ford_a,
          grunt_megastairs_5
Lair:2:   layout_cave_shapes, serial_bayou, serial_bayou_pond_e,
          serial_bayou_lagoon_a, serial_bayou_pond_b, serial_bayou_shore_b,
          serial_bayou_pond_b, serial_bayou_pond_b
Lair:3:   layout_gridlike, elwin_shoals_entry_rooms,
          minmay_snake_entry_guardpost_medium, lemuel_fruit_fields,
          serial_bayou_shore_a, uniq_josephine, uniq_kirke
Lair:4:   layout_hall_layers, beast_lair_carwin_7

Skill      XL: |  1  2  3  4  5  6  7  8  9 10 11 12 13 |
---------------+----------------------------------------+-----
Ranged Weapons | 3 4 5 7 9 11 13 14 16 17 | 17.1
Fighting       | 2 3 4 6 7 8 10 11 | 11.1
Armour         | 3 4 5 |  5.0
Dodging        | 2 3 4 5 6 |  6.1
Invocations    | 4 7 10 | 10.0
Spellcasting   | |  1.0
Hexes          | |  2.6

Action                     |  1- 3 |  4- 6 |  7- 9 | 10-12 | 13-15 || total
---------------------------+-------+-------+-------+-------+-------++-------
   Fire: Sling             |   112 |   151 |       |       |       ||   263
         Longbow           |       |    23 |   218 |   614 |   293 ||  1148
 Invoke: Heroism           |       |       |       |    13 |     5 ||    18
         Finesse           |       |       |       |       |     2 ||     2
    Use: Scroll            |     4 |     4 |     5 |    13 |     3 ||    29
         Potion            |     2 |       |       |     1 |       ||     3
 Armour: Robe              |     2 |       |       |       |       ||     2
         Leather armour    |    17 |    10 |       |       |       ||    27
         Ring mail         |       |    88 |    75 |    12 |       ||   175
         Troll leather arm |       |       |       |   155 |    71 ||   226
  Dodge: Dodged            |    17 |    76 |    76 |   275 |   186 ||   630

Table legend:
 A = Non-vault XP
 B = Vault XP
 C = Vault XP percentage of total XP
 D = Non-vault monster count
 E = Vault monster count
 F = Vault count percentage of total count
                 A         B        C        D         E       F
            +---------+---------+-------+---------+---------+-------
      Total |   31979 |   18705 |  36.9 |     252 |      84 |  25.0
            +---------+---------+-------+---------+---------+-------
        D:1 |      45 |       0 |   0.0 |      28 |       0 |   0.0
        D:2 |      31 |       0 |   0.0 |      13 |       0 |   0.0
        D:3 |     226 |       2 |   0.9 |      18 |       1 |   5.3
        D:4 |     253 |       0 |   0.0 |      20 |       0 |   0.0
        D:5 |     926 |     243 |  20.8 |      16 |       2 |  11.1
        D:6 |     455 |       0 |   0.0 |       7 |       0 |   0.0
        D:7 |     545 |     312 |  36.4 |       8 |       3 |  27.3
        D:8 |     775 |     736 |  48.7 |       5 |       2 |  28.6
        D:9 |    2060 |     655 |  24.1 |      16 |      22 |  57.9
       D:10 |    2320 |    3299 |  58.7 |      18 |      15 |  45.5
     Lair:1 |    5555 |    1936 |  25.8 |      25 |       7 |  21.9
     Lair:2 |    4597 |    2213 |  32.5 |      24 |       6 |  20.0
     Lair:3 |   12871 |    6254 |  32.7 |      46 |      20 |  30.3
     Lair:4 |    1320 |    3055 |  69.8 |       8 |       6 |  42.9
            +---------+---------+-------+---------+---------+-------
